 Dungeon Crawl Stone Soup version 0.29.1-2-gbd0b4ee654 (webtiles) character file.

Game seed: 11334993749148995063

9585 croobank the Conjurer (level 11, 0/124 HPs)
             Began as a Demonspawn Conjurer on Nov 14, 2022.
             Was an Initiate of Gozag.
             Slain by a wolf spider (15 damage)
             ... on level 9 of the Dungeon.
             The game lasted 00:58:11 (13620 turns).

croobank the Conjurer (Demonspawn Conjurer)        Turns: 13620, Time: 00:58:12

Health: 0/124      AC: 25    Str:  8    XL:     11   Next: 25%
Magic:  20/20      EV:  2    Int: 24    God:    Gozag
Gold:   719        SH:  0    Dex: 11    Spells: 5/22 levels left

rFire   + . .      SeeInvis .   a - +5 war axe (vamp)
rCold   . . .      Faith    .   (no shield)
rNeg    . . .      Spirit   .   (body armour currently unavailable)
rPois   +          Reflect  .   (helmet currently unavailable)
rElec   .          Harm     .   (cloak currently unavailable)
rCorr   .          Rampage  .   (gloves currently unavailable)
Will    .....      NoTele   +   (boots currently unavailable)
Stlth   +++.......              b - amulet of magic regeneration
HPRegen 0.30/turn               y - ring of poison resistance
MPRegen 0.57/turn               g - ring of protection from fire

@: tree-form, wereblooded
A: stationary, stasis, torment immunity, boosted hp, (antennae 1), (thin
metallic scales 3), ignite blood 2
a: Renounce Religion, Potion Petition, Call Merchant, Bribe Branch


You were on level 9 of the Dungeon.
You worshipped Gozag.
Gozag was pleased with you.
You were a tree.
You visited 2 branches of the dungeon, and saw 10 of its levels.
You also visited: Sewer.

You collected 1310 gold pieces.
You spent 109 gold pieces at shops.
You paid 482 gold pieces to Gozag.

Inventory:

Hand Weapons
 a - a +5 vampiric war axe (weapon)
 e - a +0 arbalest
 j - a +1 rapier
 q - a +0 sling
 r - a +0 flail
 B - a +0 whip of flaming
 E - a +3 hand axe
 J - a +2 scimitar
 K - a +0 long sword
Missiles
 c - 5 boomerangs
 L - 2 atropa-tipped darts
Armour
 d - the +0 leather armour of Vijanuli (melded) {rF+ rC++ Dex+4 SInv}
   (You found it in a sewer)

   Dex:       It affects your dexterity (+4).
   rF:        It protects you from fire.
   rC:        It greatly protects you from cold.
   SInv:      It lets you see invisible.
 f - a +1 cloak (melded)
 h - a +2 ring mail of cold resistance
 k - an orb of light
 m - a +0 helmet
 t - a +1 pair of boots (melded)
 v - a +1 pair of gloves (melded)
Magical Staves
 A - a staff of conjuration
Jewellery
 b - an amulet of magic regeneration (around neck)
 g - a ring of protection from fire (right branch)
 y - a ring of poison resistance (left branch)
 O - the amulet of Elemental Vulnerability {rPois rF-- rC-- AC+8}
   (You took it off a gnoll on level 8 of the Dungeon)

   [amulet of nothing]

   AC:        It affects your AC (+8).
   rF:        It makes you very vulnerable to fire.
   rC:        It makes you very vulnerable to cold.
   rPois:     It protects you from poison.
Wands
 o - a wand of light (2)
 p - a wand of mindburst (2)
 s - a wand of roots (3)
 F - a wand of flame (7)
 G - a wand of charming (4)
Scrolls
 w - a scroll of vulnerability
 D - a scroll of silence
 H - 4 scrolls of teleportation
 M - a scroll of fog
 N - 2 scrolls of identify
Potions
 i - 3 potions of ambrosia
 l - a potion of curing
 n - a potion of brilliance
 u - a potion of flight
 C - 2 potions of mutation
 I - a potion of attraction


   Skills:
 + Level 6.5 Fighting
 + Level 4.6 Axes
 + Level 6.3 Dodging
 + Level 6.9 Stealth
 + Level 6.4 Spellcasting
 + Level 7.9 Conjurations
 + Level 6.0 Hexes
 - Level 3.0 Translocations
 - Level 3.0 Transmutations


You had 5 spell levels left.
You knew the following spells:

 Your Spells              Type           Power      Damage    Failure   Level
a - Magic Dart            Conj           100%       1d8       1%          1
b - Searing Ray           Conj           90%        2d7       1%          2
c - Dazzling Flash        Conj/Hex       82%        N/A       1%          3
d - Fulminant Prism       Conj/Hex       20%        3d13      4%          4
e - Beastly Appendage     Tmut           44%        N/A       2%          1
f - Wereblood             Tmut           22%        N/A       3%          2
g - Iskenderun's Mystic   Conj/Tloc      33%        2d8       9%          4

Your spell library contained the following spells:

 Spells                   Type           Power      Damage    Failure   Level
 Ensorcelled Hibernation  Hex/Ice        44%        N/A       3%          2
 Conjure Flame            Conj/Fire      26%        6-21      4%          3
 Stone Arrow              Conj/Erth      52%        3d10      4%          3
 Passwall                 Tmut/Erth      11%        N/A       6%          2
 Necrotise                Necr           28%        1d5       8%          1
 Sandblast                Erth           14%        2d6       8%          1
 Spider Form              Tmut/Pois      14%        N/A       12%         3
 Ignite Poison            Fire/Tmut/Pois 12%        N/A       16%         3
 Sticky Flame             Conj/Fire      26%        2d5       16%         4
 Swiftness                Air            7%         N/A       22%         3
 Vampiric Draining        Necr           7%         2d6       22%         3
 Freezing Cloud           Conj/Ice/Air   10%        6-21      58%         5
 Agony                    Necr           7%         N/A       91%         5
 Polar Vortex             Ice            3%         N/A       100%        9
 Simulacrum               Ice/Necr       Unusable   N/A       N/A         6

Dungeon Overview and Level Annotations

Branches:
Dungeon (9/15)             Temple (1/1) D:7           Sewer (visited)
   Lair: D:8-11         Orc: D:9-12

Altars:
Ashenzari
Dithmenos
Gozag
Hepliaklqana
Kikubaaqudgha
Makhleb
Nemelex Xobeh
Okawaru
Sif Muna
Trog
Uskayaw
Wu Jian
Xom
Yredelemnul

Shops:
D:5 (*

Annotations:
D:6 3 runed translucent doors, Jingleheimer's ghost, novice TrFi


Innate Abilities, Weirdness & Mutations

You are a tree.
Your roots penetrate the ground, keeping you stationary.
You cannot be teleported.
You are immune to unholy pain and torment.
Your maximum health is greatly increased.
Your equipment is partially melded.
((You have a pair of small antennae on your head.))
((You are completely covered in thin metallic scales. (AC +4, rElec)))
Your demonic aura often causes spilled blood to erupt in flames.


Message History

You closely miss the wolf spider. Your kick misses the wolf spider.
You punch the wolf spider, but do no damage.
The wolf spider is severely wounded.
The wolf spider hits you but does no damage.
The wolf spider bites you.
* * * LOW HITPOINT WARNING * * *
The wolf spider hits you but does no damage.
The wolf spider barely misses you.
Really quaff the potion of lignification?
Your talons disappear.
Your +1 pair of boots unmelds from your body.
You turn into a tree.
Your +1 cloak melds into your body.
Your +1 pair of gloves melds into your body.
Your +1 pair of boots melds into your body.
The +0 leather armour of Vijanuli {rF+ rC++ Dex+4 SInv} melds into your body.
Your roots penetrate the ground.
The wolf spider hits you but does no damage.
The wolf spider bites you but does no damage.
You completely miss the wolf spider.
The wolf spider is heavily wounded.
The wolf spider hits you but does no damage.
The wolf spider bites you.
* * * LOW HITPOINT WARNING * * *
The wolf spider hits you but does no damage.
The wolf spider bites you.
* * * LOW HITPOINT WARNING * * *
You feel better. The wolf spider hits you!
* * * LOW HITPOINT WARNING * * *
The wolf spider barely misses you.
You feel better.
The wolf spider hits you but does no damage.
The wolf spider bites you but does no damage.
The wolf spider hits you but does no damage.
The wolf spider bites you!
* * * LOW HITPOINT WARNING * * *
You hit the wolf spider.
You feel better.
The wolf spider is severely wounded.
The wolf spider hits you!
You die...
Your body crumbles into a pile of gold.

#.......# #....#
#.......# #....#
#.......# #....#
#.......# #....#
#........ ###....#
#........ .......#
#........
.......#########).......
................♣.......
................s.......
......######............
......#...)#............
......#..))#............
#.....#.)..#............
#....##....#..######....
#....#..)..#..# ....
#....##)####..# ...


You could see a wolf spider.

Vanquished Creatures
  Amaemon (D:9)
  A wizard (D:9)
  Pikel (D:4)
  An orange demon (D:9)
  A troll (D:6)
  A hornet (D:9)
  6 yaks
  3 wyverns
  A wraith (D:9)
  Grum (D:8)
  Eustachio (D:4)
  A vampire mosquito (D:8)
  A steam dragon (D:9)
  2 water moccasins
  2 ice beasts
  2 sky beasts
  2 orc warriors
  3 black bears
  An ogre (D:7)
  2 wolves (D:8)
  3 centaurs
  A lemure (D:4)
  4 bullfrogs
  A kobold brigand (D:9)
  6 necrophages
  A gnoll sergeant (D:7)
  7 scorpions
  2 water moccasin zombies (D:5)
  18 wights
  4 killer bees (D:9)
  6 electric eels (D:6)
  7 howler monkeys
  6 hounds
  A human zombie (D:5)
  A gnoll bouda (D:8)
  5 orc priests
  Ijyb (D:3)
  An iguana (D:5)
  Jessica (D:3)
  A scorpion zombie (D:5)
  10 orc wizards
  A hell rat (Sewer)
  A hound zombie (D:5)
  A mummy (D:4)
  Robin (D:2)
  7 gnolls
  2 river rats (Sewer)
  9 adders
  A shadow imp (D:7)
  2 white imps (D:7)
  4 ufetubi
  An adder zombie (D:5)
  A worm (D:4)
  A dart slug (D:3)
  36 orcs
  6 endoplasms
  8 giant cockroaches
  11 hobgoblins
  13 kobolds
  9 quokkas
  2 ball pythons
  6 bats
  5 frilled lizards
  10 goblins
  3 rats
262 creatures vanquished.

Vanquished Creatures (others)
  9 plants
9 creatures vanquished.

Grand Total: 271 creatures vanquished

Notes
Turn   | Place    | Note
-------+----------+-------------------------------------------
     0 | D:1      | croobank the Demonspawn Conjurer began the quest for the
                  | Orb.
     0 | D:1      | Reached XP level 1. HP: 13/13 MP: 3/3
   328 | D:1      | Gained mutation: You are partially covered in thin metallic
                  | scales. (AC +2) [demonic ancestry]
   328 | D:1      | Reached XP level 2. HP: 20/20 MP: 1/5
   331 | D:1      | Learned a level 2 spell: Searing Ray
   988 | D:1      | Reached skill level 1 in Fighting
   988 | D:1      | Gained mutation: You are mostly covered in thin metallic
                  | scales. (AC +3) [demonic ancestry]
   988 | D:1      | Reached XP level 3. HP: 26/26 MP: 0/6
  1231 | D:2      | Noticed a necrophage
  1301 | D:2      | Noticed Robin
  1366 | D:2      | Killed Robin
  1542 | D:2      | Learned a level 3 spell: Dazzling Flash
  1545 | D:2      | Reached XP level 4. HP: 32/32 MP: 7/7
  1559 | D:2      | Killed a necrophage
  1900 | D:3      | Reached XP level 5. HP: 38/38 MP: 4/9
  2084 | D:3      | Found a glowing drain.
  2144 | Sewer    | Entered a sewer
  2307 | Sewer    | Identified the +0 leather armour of Vijanuli {rF+ rC++
                  | Dex+4 SInv}
  2470 | D:3      | Noticed Jessica
  2478 | D:3      | Killed Jessica
  2825 | D:3      | Noticed Ijyb
  2842 | D:3      | Killed Ijyb
  2843 | D:3      | Reached skill level 1 in Hexes
  2843 | D:3      | Gained mutation: You are completely covered in thin
                  | metallic scales. (AC +4, rElec) [demonic ancestry]
  2843 | D:3      | Reached XP level 6. HP: 4/44 MP: 0/10
  3888 | D:4      | Reached skill level 5 in Conjurations
  4126 | D:4      | Learned a level 4 spell: Fulminant Prism
  4274 | D:4      | Noticed Pikel
  4291 | D:4      | Killed Pikel
  4292 | D:4      | Reached XP level 7. HP: 5/52 MP: 6/12
  4866 | D:4      | Noticed Eustachio
  4885 | D:4      | Killed Eustachio
  4886 | D:4      | Gained mutation: Your demonic aura sometimes causes spilled
                  | blood to erupt in flames. [demonic ancestry]
  4886 | D:4      | Reached XP level 8. HP: 34/58 MP: 8/14
  5637 | D:4      | You fall into a shaft and drop 2 floors!
  5845 | D:5      | Entered Level 5 of the Dungeon
  5845 | D:5      | Found Ylokhay's Weapon Shoppe.
  6101 | D:5      | Reached skill level 6 in Conjurations
  6213 | D:5      | Found Somiw's CLEARANCE SALE!.
  6231 | D:5      | Reached skill level 1 in Axes
  6236 | D:5      | Bought a staff of conjuration for 75 gold pieces
  6236 | D:5      | Bought a scroll of identify for 6 gold pieces
  6236 | D:5      | Bought a wand of charming (4) for 28 gold pieces
  6496 | D:5      | Reached skill level 1 in Transmutations
  6693 | D:5      | Reached skill level 1 in Translocations
  6696 | D:5      | HP: 4/87 [wight/+4 great sword (1)]
  7153 | D:5      | Reached XP level 9. HP: 61/66 MP: 15/15
  7347 | D:5      | Found an ancient bone altar of Kikubaaqudgha.
  7623 | D:6      | Learned a level 1 spell: Beastly Appendage
  7626 | D:6      | Learned a level 2 spell: Wereblood
  7725 | D:6      | Found a runed translucent gate.
  7725 | D:6      | Found a runed translucent gate.
  7725 | D:6      | Found a runed translucent gate.
  7889 | D:6      | Noticed Jingleheimer's ghost (novice TrFi)
  8461 | D:6      | Reached skill level 5 in Stealth
  8740 | D:6      | Noticed a troll
  9278 | D:6      | Killed a troll
  9279 | D:6      | Reached skill level 5 in Spellcasting
  9658 | D:7      | Reached skill level 5 in Dodging
  9743 | D:7      | Reached skill level 5 in Fighting
  9797 | D:7      | Found a staircase to the Ecumenical Temple.
  9811 | Temple   | Entered the Ecumenical Temple
  9816 | Temple   | Became a worshipper of Gozag Ym Sagoz the Greedy
 10103 | D:7      | Learned a level 4 spell: Iskenderun's Mystic Blast
 10270 | D:7      | Gained mutation: Your demonic aura often causes spilled
                  | blood to erupt in flames. [demonic ancestry]
 10270 | D:7      | Reached XP level 10. HP: 74/74 MP: 17/17
 10281 | D:7      | Reached skill level 7 in Conjurations
 10618 | D:8      | Noticed Grum
 10628 | D:8      | Reached skill level 5 in Hexes
 10634 | D:8      | Killed Grum
 12401 | D:9      | Paralysed by a hornet for 2 turns
 12456 | D:9      | Gained mutation: You have a pair of small antennae on your
                  | head. [demonic ancestry]
 12456 | D:9      | Reached XP level 11. HP: 34/80 MP: 20/20
 12487 | D:9      | Noticed a wizard
 12505 | D:9      | Killed a wizard
 12772 | D:9      | Noticed a wolf spider
 13324 | D:9      | Noticed Amaemon
 13341 | D:9      | Killed Amaemon
 13620 | D:9      | Slain by a wolf spider

Illustrated notes

Levels and vault maps discovered:
D:1:      dpeg_arrival_arbitrary_b, layout_loops_cross,
          chequers_serial_rivers_micro_c
D:2:      cheibrodos_old_hovel, layout_basic, uniq_robin
D:3:      layout_rooms, gup_sewer_entry_pipe, due_unseen_surprise, uniq_jessica,
          uniq_ijyb
D:4:      layout_layer_cave, grunt_ministairs_4, uniq_eustachio, uniq_pikel
D:5:      layout_gridville, lemuel_mausoleum_altar_kikubaaqudgha, serial_shops,
          nicolae_shop_hallway_stairs, nicolae_shop_clearance
D:6:      cheibrodos_two_vegetables, layout_layer_cave, gammafunk_ghost_split
D:7:      minmay_bubble_buster, layout_cave_pools, minmay_temple_entry_waves,
          nicolae_kite_square_tiling_tiny, palyth_stone_intersect
D:8:      layout_cave_pools, lemuel_round_altar, minmay_microvault, uniq_grum
D:9:      nzn_winding_woodlands_three_and_one [nzn_winding_woodlands_5x15_cabin,
          nzn_winding_woodlands_5x15_concentric,
          nzn_winding_woodlands_5x15_pathside_ponds,
          nzn_winding_woodlands_center_lodge], layout_irregular_city,
          mainiacjoe_overflow_tiny_flanked, cheibriados_altar_1,
          corner_web_ring, uniq_amaemon
Temple:   hellmonk_temple_of_storms

Skill      XL: |  1  2  3  4  5  6  7  8  9 10 11 |
---------------+----------------------------------+-----
Stealth        | 2 3 4 5 6 |  6.9
Dodging        | 2 3 4 5 6 |  6.3
Fighting       | 1 2 3 4 5 6 |  6.5
Spellcasting   | 3 4 5 6 |  6.4
Hexes          | 1 2 3 4 5 6 |  6.0
Conjurations   | 5 6 7 |  7.9
Axes           | 1 3 4 |  4.6
Transmutations | 1 3 |  3.0
Translocations | 1 2 3 |  3.0

Action                   |  1- 3 |  4- 6 |  7- 9 | 10-12 || total
-------------------------+-------+-------+-------+-------++-------
Melee: Hand axe          |     6 |       |       |       ||     6
       Rapier            |    15 |    29 |       |       ||    44
       War axe           |       |    14 |   219 |   221 ||   454
       Punch             |       |       |     6 |     6 ||    12
       Kick              |       |       |     4 |    21 ||    25
       Headbutt          |       |       |     4 |    10 ||    14
 Cast: Magic Dart        |    63 |    72 |    71 |    25 ||   231
       Searing Ray       |     2 |    20 |    28 |    14 ||    64
       Wereblood         |       |       |     3 |     9 ||    12
       Beastly Appendage |       |       |     3 |     8 ||    11
       Dazzling Flash    |       |       |       |     1 ||     1
Invok: Potion Petition   |       |       |       |     1 ||     1
 Abil: End Transformatio |       |       |       |     1 ||     1
Evoke: Wand              |       |     1 |    15 |     4 ||    20
  Use: Scroll            |       |    11 |     8 |     4 ||    23
       Potion            |       |     1 |     6 |     6 ||    13
 Stab: Sleeping          |     1 |     1 |     3 |     1 ||     6
       Distracted        |       |       |     1 |     4 ||     5
Armor: Robe              |    11 |    16 |       |       ||    27
       Leather armour    |       |    14 |   138 |   124 ||   276
       Skin              |       |       |       |     7 ||     7
Dodge: Dodged            |    22 |    56 |   272 |   266 ||   616
